IL
PAWTUCKET RED SOX @ BUFFALO BISONS
09/03/2098
 
TOP OF THE 1ST
Pawtucket Red Sox batting - Pitching for Buffalo Bisons : RHP Bill Higgins
Pitching: RHP Bill Higgins
Batting: LHB Tony Vargas 0-0: Called Strike
0-1: Foul Ball, location: 23F
0-2: Strikes out swinging
Batting: RHB Antonio Torres 0-0: Ball
1-0: Ball
2-0: Ground out 6-3 (Groundball, 6MD, EV 100.0 MPH)
Batting: RHB Ryan Rynard 0-0: Foul Ball, location: 3DF
0-1: Called Strike
0-2: Ball
1-2: Ball
2-2: Strikes out swinging
Top of the 1st over - 0 runs, 0 hits, 0 errors, 0 left on base; Pawtucket 0 - Buffalo 0
BOTTOM OF THE 1ST
Buffalo Bisons batting - Pitching for Pawtucket Red Sox : RHP Mike Chiasson
Pitching: RHP Mike Chiasson
Batting: LHB Matt Formosa 0-0: Called Strike
0-1: Ball
1-1: Called Strike
1-2: Ball
2-2: Ground out 5-3 (Groundball, 15, EV 91.3 MPH)
Batting: RHB Alden Young 0-0: SINGLE (Line Drive, 8LS, EV 93.1 MPH)
Batting: RHB Joe Everson 0-0: Called Strike
0-1: Ball
1-1: Swinging Strike
1-2: Grounds into double play, 5-4-3 (Groundball, 56, EV 79.4 MPH)
Bottom of the 1st over - 0 runs, 1 hit, 0 errors, 0 left on base; Pawtucket 0 - Buffalo 0
TOP OF THE 2ND
Pawtucket Red Sox batting - Pitching for Buffalo Bisons : RHP Bill Higgins
Batting: RHB John Bishop 0-0: Ground out 5-3 (Groundball, 56S, EV 85.0 MPH)
Batting: LHB Ryan McFall 0-0: Ball
1-0: Called Strike
1-1: Ball
2-1: Ground out 5-3 (Groundball, 56, EV 85.6 MPH)
Batting: RHB Chris Barley 0-0: Foul Ball, location: 9LDF
0-1: Foul Ball, location: 23FF
0-2: Ball
1-2: SINGLE (Line Drive, 7S, EV 99.4 MPH)
Batting: RHB Eddie Chavez 0-0: Ball
1-0: Ball
2-0: Called Strike
2-1: Foul Ball, location: 2F
2-2: Foul Ball, location: 2F
2-2: SINGLE (Groundball, 34S, EV 68.8 MPH) (infield hit)
Chris Barley to second
Batting: RHB Carlos Chaidez 0-0: Ball
1-0: Called Strike
1-1: Ball
2-1: Foul Ball, location: 9LMF
2-2: DOUBLE (Flyball, 8LD, EV 80.0 MPH)
Chris Barley scores
Eddie Chavez to third
Runner from 3rd tries for Home, SAFE, throw by CF to home
Batting: LHB Steve Cresci 0-0: Ball
1-0: Called Strike
1-1: Called Strike
1-2: Strikes out swinging
Top of the 2nd over - 2 runs, 3 hits, 0 errors, 1 left on base; Pawtucket 2 - Buffalo 0
BOTTOM OF THE 2ND
Buffalo Bisons batting - Pitching for Pawtucket Red Sox : RHP Mike Chiasson
Batting: LHB Jesus Flores 0-0: Called Strike
0-1: Ball
1-1: Ball
2-1: Foul Ball, location: 23F
2-2: Strikes out swinging
Batting: RHB John Carr 0-0: Called Strike
0-1: Called Strike
0-2: Strikes out swinging
Batting: LHB Ignacio Tirado 0-0: Called Strike
0-1: Ground out U3 (Groundball, 3, EV 96.9 MPH)
Bottom of the 2nd over - 0 runs, 0 hits, 0 errors, 0 left on base; Pawtucket 2 - Buffalo 0
TOP OF THE 3RD
Pawtucket Red Sox batting - Pitching for Buffalo Bisons : RHP Bill Higgins
Batting: LHB Tony Vargas 0-0: Ball
1-0: Ball
2-0: Foul Ball, location: 3F
2-1: Ball
3-1: Swinging Strike
3-2: Fly out, F8 (Line Drive, 8RM, EV 90.0 MPH)
Batting: RHB Antonio Torres 0-0: Ball
1-0: Foul Ball, location: 2F
1-1: Ball
2-1: Foul Ball, location: 5FF
2-2: Ground out U3 (Groundball, 3S, EV 71.9 MPH)
Batting: RHB Ryan Rynard 0-0: Ball
1-0: Fly out, F7 (Flyball, 78M, EV 77.5 MPH)
Top of the 3rd over - 0 runs, 0 hits, 0 errors, 0 left on base; Pawtucket 2 - Buffalo 0
BOTTOM OF THE 3RD
Buffalo Bisons batting - Pitching for Pawtucket Red Sox : RHP Mike Chiasson
Batting: LHB Greg Phillips 0-0: Ball
1-0: Ball
2-0: Single, Error in OF, E7, batter to second base (Line Drive, 78S, EV 101.9 MPH)
Batting: SHB Damani Fowlkes 0-0: Ball
1-0: Swinging Strike
1-1: Swinging Strike
1-2: Ball
2-2: Foul Ball, location: 3DF
2-2: SINGLE (Line Drive, 56, EV 98.8 MPH)
Greg Phillips to third
Batting: LHB Justin Peterson 0-0: Called Strike
0-1: Ball
1-1: Ball
2-1: Called Strike
2-2: Strikes out looking
Batting: LHB Matt Formosa 0-0: Called Strike
0-1: Grounds into double play, 6-4-3 (Groundball, 6, EV 108.1 MPH)
Bottom of the 3rd over - 0 runs, 2 hits, 1 error, 1 left on base; Pawtucket 2 - Buffalo 0
TOP OF THE 4TH
Pawtucket Red Sox batting - Pitching for Buffalo Bisons : RHP Bill Higgins
Batting: RHB John Bishop 0-0: Called Strike
0-1: Fly out, F9 (Flyball, 9, EV 98.8 MPH)
Batting: LHB Ryan McFall 0-0: Foul Ball, location: 5F
0-1: Called Strike
0-2: Foul Ball, location: 9LMF
0-2: Foul Ball, location: 3SF
0-2: Foul Ball, location: 7LDF
0-2: Foul Ball, location: 5FF
0-2: Ball
1-2: Strikes out swinging
Batting: RHB Chris Barley 0-0: Ground out U3 (Groundball, 34S, EV 80.0 MPH)
Top of the 4th over - 0 runs, 0 hits, 0 errors, 0 left on base; Pawtucket 2 - Buffalo 0
BOTTOM OF THE 4TH
Buffalo Bisons batting - Pitching for Pawtucket Red Sox : RHP Mike Chiasson
Batting: RHB Alden Young 0-0: Called Strike
0-1: Ball
1-1: Swinging Strike
1-2: Strikes out swinging
Batting: RHB Joe Everson 0-0: Ball
1-0: Called Strike
1-1: Swinging Strike
1-2: Strikes out swinging
Batting: LHB Jesus Flores 0-0: Ball
1-0: Ground out 6-3 (Groundball, 6, EV 91.3 MPH)
Bottom of the 4th over - 0 runs, 0 hits, 0 errors, 0 left on base; Pawtucket 2 - Buffalo 0
TOP OF THE 5TH
Pawtucket Red Sox batting - Pitching for Buffalo Bisons : RHP Bill Higgins
Batting: RHB Eddie Chavez 0-0: Ball
1-0: Swinging Strike
1-1: Foul Ball, location: 9LDF
1-2: Ball
2-2: Strikes out swinging
Batting: RHB Carlos Chaidez 0-0: Ball
1-0: Ball
2-0: Ball
3-0: Called Strike
3-1: Called Strike
3-2: Strikes out swinging
Batting: LHB Steve Cresci 0-0: Foul Ball, location: 7LDF
0-1: Ball
1-1: Foul Ball, location: 2F
1-2: Foul Ball, location: 2F
1-2: Ball
2-2: Strikes out swinging
Top of the 5th over - 0 runs, 0 hits, 0 errors, 0 left on base; Pawtucket 2 - Buffalo 0
BOTTOM OF THE 5TH
Buffalo Bisons batting - Pitching for Pawtucket Red Sox : RHP Mike Chiasson
Batting: RHB John Carr 0-0: Ball
1-0: Foul Ball, location: 2F
1-1: Ball
2-1: Ground out 5-3 (Groundball, 56, EV 85.6 MPH)
Batting: LHB Ignacio Tirado 0-0: Ball
1-0: Ball
2-0: Fly out, F8 (Flyball, 8RM, EV 73.8 MPH)
Batting: LHB Greg Phillips 0-0: Ball
1-0: Foul Ball, location: 9LSF
1-1: Ground out 6-3 (Groundball, 6, EV 91.9 MPH)
Bottom of the 5th over - 0 runs, 0 hits, 0 errors, 0 left on base; Pawtucket 2 - Buffalo 0
TOP OF THE 6TH
Pawtucket Red Sox batting - Pitching for Buffalo Bisons : RHP Bill Higgins
Batting: LHB Tony Vargas 0-0: Foul Ball, location: 9LSF
0-1: Called Strike
0-2: Ball
1-2: Ground out 5-3 (Groundball, 5D, EV 94.4 MPH)
Batting: RHB Antonio Torres 0-0: Ground out 6-3 (Groundball, 6M, EV 100.0 MPH)
Batting: RHB Ryan Rynard 0-0: Called Strike
0-1: Swinging Strike
0-2: Foul Ball, location: 3SF
0-2: Ball
1-2: Strikes out looking
Top of the 6th over - 0 runs, 0 hits, 0 errors, 0 left on base; Pawtucket 2 - Buffalo 0
BOTTOM OF THE 6TH
Buffalo Bisons batting - Pitching for Pawtucket Red Sox : RHP Mike Chiasson
Batting: SHB Damani Fowlkes 0-0: Ball
1-0: Called Strike
1-1: Fly out, F7 (Flyball, 7LM, EV 82.5 MPH)
Batting: LHB Justin Peterson 0-0: Ball
1-0: Swinging Strike
1-1: Foul Ball, location: 2F
1-2: Ball
2-2: Ball
3-2: Base on Balls
Batting: LHB Matt Formosa 0-0: Ball
1-0: Ball
2-0: Grounds into double play, 6-4-3 (Groundball, 6, EV 96.9 MPH)
Bottom of the 6th over - 0 runs, 0 hits, 0 errors, 0 left on base; Pawtucket 2 - Buffalo 0
TOP OF THE 7TH
Pawtucket Red Sox batting - Pitching for Buffalo Bisons : RHP Bill Higgins
Batting: RHB John Bishop 0-0: Ball
1-0: Called Strike
1-1: Foul Ball, location: 2LF
1-2: SINGLE (Line Drive, 8LS, EV 105.0 MPH)
Pitching: LHP Jon Gonzalez
Batting: LHB Ryan McFall 0-0: Called Strike
0-1: Ball
1-1: Foul Ball, location: 3DF
1-2: Ball
2-2: Fly out, F9 (Flyball, 9LM, EV 101.3 MPH)
Batting: RHB Chris Barley 0-0: Swinging Strike
0-1: Foul Ball, location: 2F
0-2: Strikes out swinging
Batting: RHB Eddie Chavez 0-0: Called Strike
0-1: Called Strike
0-2: Strikes out swinging
Top of the 7th over - 0 runs, 1 hit, 0 errors, 1 left on base; Pawtucket 2 - Buffalo 0
BOTTOM OF THE 7TH
Buffalo Bisons batting - Pitching for Pawtucket Red Sox : RHP Mike Chiasson
Batting: RHB Alden Young 0-0: Called Strike
0-1: Ball
1-1: Foul Ball, location: 2F
1-2: Foul Ball, location: 23F
1-2: Ball
2-2: Foul Ball, location: 3F
2-2: SINGLE (Groundball, 6M, EV 90.6 MPH) (infield hit)
Batting: RHB Joe Everson 0-0: Foul Ball, location: 23FF
0-1: Ball
1-1: Ball
2-1: Foul Ball, location: 9LMF
2-2: Ball
3-2: Fly out, F5 (Popup, 15, EV 85.0 MPH)
Batting: LHB Jesus Flores 0-0: Called Strike
0-1: Swinging Strike
0-2: Ball
1-2: Strikes out swinging
Batting: RHB John Carr 0-0: Ball
1-0: Called Strike
1-1: DOUBLE (Line Drive, 89XD, EV 101.9 MPH)
Alden Young to third
Runner from 3rd tries for Home, SAFE, throw by CF to trailing runner, SAFE at third!
Batting: LHB Ignacio Tirado 0-0: Called Strike
0-1: Ball
1-1: Foul Ball, location: 7LDF
1-2: Strikes out swinging
Bottom of the 7th over - 1 run, 2 hits, 0 errors, 1 left on base; Pawtucket 2 - Buffalo 1
TOP OF THE 8TH
Pawtucket Red Sox batting - Pitching for Buffalo Bisons : LHP Jon Gonzalez
Batting: RHB Carlos Chaidez 0-0: Ball
1-0: Called Strike
1-1: Ball
2-1: Ground out 4-3 (Groundball, 4, EV 80.6 MPH)
Batting: LHB Steve Cresci 0-0: Called Strike
0-1: Ball
1-1: Called Strike
1-2: Ball
2-2: Ball
3-2: Fly out, F8 (Flyball, 8RD, EV 93.8 MPH)
Batting: LHB Tony Vargas 0-0: Foul Ball, location: 2F
0-1: Ball
1-1: Ball
2-1: Foul Ball, location: 5F
2-2: Strikes out swinging
Top of the 8th over - 0 runs, 0 hits, 0 errors, 0 left on base; Pawtucket 2 - Buffalo 1
BOTTOM OF THE 8TH
Buffalo Bisons batting - Pitching for Pawtucket Red Sox : RHP Mike Chiasson
Pitching: RHP Rafael Zapata
Batting: LHB Greg Phillips 0-0: Ball
1-0: Swinging Strike
1-1: Ball
2-1: Foul Ball, location: 9LMF
2-2: Ball
3-2: Foul Ball, location: 9LSF
3-2: SINGLE (Line Drive, 7S, EV 98.8 MPH)
Batting: SHB Damani Fowlkes 0-0: Ball
1-0: Ball
2-0: Ball
3-0: Called Strike
3-1: Fly out, F7 (Flyball, 7LS, EV 81.3 MPH)
Batting: LHB Justin Peterson 0-0: Called Strike
0-1: Foul Ball, location: 9LMF
0-2: Foul Ball, location: 7LDF
0-2: Ball
1-2: Ball
2-2: Ball
3-2: Foul Ball, location: 2F
3-2: Foul Ball, location: 2F
3-2: Fly out, F5 (Popup, 6S, EV 70.6 MPH)
Batting: LHB Matt Formosa 0-0: Ball
1-0: Fly out, F7 (Line Drive, 7LM, EV 97.5 MPH)
Bottom of the 8th over - 0 runs, 1 hit, 0 errors, 1 left on base; Pawtucket 2 - Buffalo 1
TOP OF THE 9TH
Pawtucket Red Sox batting - Pitching for Buffalo Bisons : LHP Jon Gonzalez
Batting: RHB Antonio Torres 0-0: Ball
1-0: Ball
2-0: Swinging Strike
2-1: Swinging Strike
2-2: Strikes out swinging
Batting: RHB Ryan Rynard 0-0: Ball
1-0: Swinging Strike
1-1: Ball
2-1: Fly out, F7 (Flyball, 7, EV 86.9 MPH)
Batting: RHB John Bishop 0-0: Ball
1-0: Swinging Strike
1-1: Foul Ball, location: 3DF
1-2: SINGLE (Line Drive, 34D, EV 95.6 MPH)
Pitching: RHP Leo Morales
Batting: LHB Ryan McFall 0-0: Ball
1-0: Swinging Strike
1-1: Foul Ball, location: 2RF
1-2: Strikes out looking
Top of the 9th over - 0 runs, 1 hit, 0 errors, 1 left on base; Pawtucket 2 - Buffalo 1
BOTTOM OF THE 9TH
Buffalo Bisons batting - Pitching for Pawtucket Red Sox : RHP Rafael Zapata
Batting: RHB Alden Young 0-0: Called Strike
0-1: Swinging Strike
0-2: Ground out 6-3 (Groundball, 6, EV 85.0 MPH)
Batting: RHB Joe Everson 0-0: Foul Ball, location: 3DF
0-1: Ball
1-1: Foul Ball, location: 9LDF
1-2: Ground out 5-3 (Groundball, 5L, EV 100.0 MPH)
Pitching: LHP Allen Reeves
Batting: RHB Neil Guerrieri 0-0: Ball
1-0: Called Strike
1-1: Fly out, F9 (Flyball, 9D, EV 107.5 MPH)
Bottom of the 9th over - 0 runs, 0 hits, 0 errors, 0 left on base; Pawtucket 2 - Buffalo 1
Sunday, April 14th , 2024 - OOTP Baseball 24.11 Build 85